 Dungeon Crawl Stone Soup version 0.17-a0-18-gc25b939 (webtiles) character file.

9408 Herrn the Destroyer (level 11, 0/69 HPs)
             Began as a Gargoyle Fire Elementalist on Mar 6, 2015.
             Was the Champion of Cheibriados.
             Slain by a killer bee (7 damage)
             ... on level 10 of the Dungeon.
             The game lasted 00:49:30 (11478 turns).

Herrn the Destroyer (Gargoyle Fire Elementalist)   Turns: 11478, Time: 00:49:30

Health: 0/69       AC: 12    Str: 27      XL:     11   Next: 46%
Magic:  26/26      EV: 19    Int: 32 (34) God:    Cheibriados [******]
Gold:   457        SH:  0    Dex: 25      Spells: 3 memorised, 4 levels left

rFire  . . .     SeeInvis .     M - +3 battleaxe
rCold  . . .     Clarity  .     h - +0 robe
rNeg   + . .     SustAb   .     (no shield)
rPois  ∞         Gourm    .     o - +0 helmet
rElec  +         Spirit   .     p - +0 cloak
rCorr  .         Warding  .     (no gloves)
rMut   .         Stasis   .     (no boots)
MR     .....                    (no amulet)
Stlth  +++.......               K - ring of wizardry
                                n - ring of magical power

@: vulnerable, very slightly contaminated, hasted, very slow, not resistant to
hostile enchantments, fairly stealthy
A: negative energy resistance 1, electricity resistance, unbreathing,
petrification resistance, rot immunity, AC +7
a: Bend Time, Temporal Distortion, Slouch, Step From Time, Renounce Religion


You were on level 10 of the Dungeon.
You worshipped Cheibriados.
Cheibriados was exalted by your worship.
You were near starving.

You visited 2 branches of the dungeon, and saw 11 of its levels.
You also visited: Sewer.

You collected 457 gold pieces.

Inventory:

Hand weapons
 a - a +2 hand axe of pain
 e - a +0 hand axe
 k - a +1 dagger of venom
 B - a +0 morningstar
 E - a -2 hand axe
 M - a +3 battleaxe (weapon)
 N - a +1 hand axe of chopping
Armour
 h - a +0 robe (worn)
 o - a +0 helmet (worn)
 p - a +0 cloak (worn)
Magical staves
 z - a cursed staff of power {unknown}
Jewellery
 n - a ring of magical power (left hand)
 t - an uncursed ring of sustain abilities
 K - a ring of wizardry (right hand)
Magical devices
 i - a wand of paralysis (12)
 D - a wand of polymorph (1)
 H - a wand of fireball (2)
 J - a wand of cold (0)
 V - a wand of draining (0)
Scrolls
 s - 4 scrolls of remove curse
 u - 3 scrolls of amnesia
 v - a scroll of fear
 A - 3 scrolls of fog
 I - 2 scrolls of identify
 L - a scroll of magic mapping
 P - a scroll of enchant weapon
Potions
 j - a potion of restore abilities
 x - a potion of magic
 C - 2 potions of poison
 O - 2 potions of brilliance {unknown}
 Q - a potion of ambrosia {unknown}
 R - a potion of berserk rage {unknown}
 S - a potion of cancellation {unknown}
 T - a potion of might {unknown}
Books
 b - a book of Flames

   Spells                             Type                      Level
   a - Flame Tongue                   Conjuration/Fire             1
   b - Throw Flame                    Conjuration/Fire             2
   c - Conjure Flame                  Conjuration/Fire             3
   d - Inner Flame                    Hexes/Fire                   3
   e - Sticky Flame                   Conjuration/Fire             4
   f - Fireball                       Conjuration/Fire             5
 y - a book of Enchantments

   Spells                             Type                      Level
   a - Tukima's Dance                 Hexes                        3
   b - Cause Fear                     Hexes                        4
   c - Silence                        Hexes/Air                    5
   d - Deflect Missiles               Charms/Air                   6
   e - Haste                          Charms                       6
   f - Discord                        Hexes                        8
Comestibles
 c - 4 bread rations
 f - 3 beef jerkies
 l - 4 meat rations
 q - 23 fruits


   Skills:
 * Level 8.6 Fighting
 - Level 0.6 Short Blades
 * Level 6.7 Axes
 - Level 4.2 Armour
 + Level 7.2 Dodging
 - Level 2.1 Stealth
 - Level 2.0 Spellcasting
 * Level 10.6 Conjurations
 - Level 3.0 Fire Magic
 - Level 3.1 Invocations


You had 4 spell levels left.
You knew the following spells:

 Your Spells              Type           Power        Failure   Level  Hunger
a - Flame Tongue          Conj/Fire      #####        1%          1    None
b - Sticky Flame          Conj/Fire      #####...     2%          4    ####...
c - Fireball              Conj/Fire      #####.....   6%          5    ######.


Dungeon Overview and Level Annotations

Branches:
Dungeon (10/15)            Temple (1/1) D:5            Lair (0/8) D:10
    Orc: D:9-12

Altars:
Cheibriados
Dithmenos
Elyvilon
Gozag
Nemelex Xobeh
Okawaru
Qazlal
Ru
Vehumet
Xom
Yredelemnul
Zin

Shops:
D:5 ?   D:6 ![[[   D:9 *


Innate Abilities, Weirdness & Mutations

You are resistant to torment.
You are immune to poison.
Your stone body is very resilient (AC +7).
You resist negative energy.
You are resistant to electric shocks.
You can survive without breathing.
You are immune to petrification.
You are immune to rotting.


Message History

Found an escape hatch in the ceiling.
The killer bee seems to regain its courage.
The killer bee closely misses you. x2
The killer bee completely misses you.
The killer bee stings you but does no damage.
The killer bee barely misses you. x2
The killer bee misses you.
Found 12 gold pieces.
The killer bee stings you but does no damage.
The killer bee barely misses you. x3
The killer bee seems to regain its courage.
The killer bee completely misses you. The killer bee barely misses you.
The killer bee completely misses you. x2
The killer bee completely misses you. The killer bee barely misses you.
The killer bee stings you but does no damage.
The killer bee stings you.
* * * LOW HITPOINT WARNING * * *
The killer bee stings you but does no damage.
The killer bee stings you!
You die...

,,',,#...y..†y.'...'..#*,*,,,,,*,
,,*..'...#.#####...##'##,',,,,,+,
,,*,.#.,,#.####../.....#,*,,,,,*+
******,,,#....'........#,*,,,,,,<
****,,,,,#....#........'.+,,,,,,,
,*,*,,,,.'....#........#'*,,,,,,,
,',',,,,.#'####.y...>....,,*+**,,
**'*,,,.....,*##yy..#'#..,,+,,*,,
,,,,,,..,...,',#@...#.#,,,,*,,+,,
,,,,,...,...,*,#<...'$#,,,,*,,*,,
,,,,,,.,.....*,'....#.'.,,,*,,*,,
,,,,,,,,,...,*'#....#+#.,,,',,*,,
,,,,**'**,,,,#.#......,,,,,*,,',,
,*'**,,,',,,,','.......,,,,**'*,,
,',,,,,,*,,,.#*#......,,,,,,,,,,,
,*+**,,,*,,..,,...##'**,,,,,,,,*'
,*,**,,,#....,,...+,,,',,,,,,,,+,


You could see 3 killer bees.

Vanquished Creatures
  Josephine (D:10)
  A hill giant (D:10)
  A tengu conjurer (D:10)
  A two-headed ogre (D:9)
  A trapdoor spider zombie (D:8)
  2 ravens (D:10)
  18 yaks
  A deep elf mage (D:7)
  A wraith (D:10)
  A wyvern (D:9)
  2 hungry ghosts (D:9)
  A water moccasin (D:8)
  3 ogres
  An orc warrior (D:8)
  4 ice beasts
  A phantom (D:5)
  A black bear (D:10)
  2 sky beasts
  A centaur (D:6)
  2 big kobolds
  5 giant frogs
  4 scorpions
  A killer bee (D:10)
  10 wights
  3 crimson imps
  2 goliath beetles
  2 giant frog zombies
  4 jellies
  3 centaur skeletons
  6 orc wizards
  4 hounds
  5 orc priests
  Natasha (thrice) (D:5)
  2 iguanas
  3 worker ants
  Ijyb (D:2)
  Terence (D:3)
  10 gnolls
  8 adders
  2 shadow imps
  3 river rats (Sewer)
  4 giant mites
  A white imp (D:6)
  3 worms
  4 giant geckos
  3 oozes
  32 orcs
  A bat skeleton (D:4)
  A bat zombie (D:5)
  7 giant cockroaches
  20 goblins
  11 hobgoblins
  13 jackals
  4 ball pythons (Sewer)
  12 bats
  A giant cockroach zombie (D:5)
  10 giant newts
  2 giant spores
  17 kobolds
  5 quokkas
  25 rats
  3 ballistomycetes (D:7)
307 creatures vanquished.

Vanquished Creatures (others)
  A black bear (D:9)
1 creature vanquished.

Grand Total: 308 creatures vanquished

Notes
Turn   | Place    | Note
--------------------------------------------------------------
     0 | D:1      | Herrn, the Gargoyle Fire Elementalist, began the quest for the Orb.
     0 | D:1      | Reached XP level 1. HP: 10/10 MP: 3/3
    87 | D:1      | Found a sparkling altar of Nemelex Xobeh.
   208 | D:1      | Reached skill level 1 in Fighting
   351 | D:1      | Reached XP level 2. HP: 16/16 MP: 2/4
   899 | D:2      | Found an opulent altar of Gozag.
   901 | D:2      | Noticed Ijyb
   921 | D:2      | Killed Ijyb
   921 | D:2      | Reached XP level 3. HP: 11/21 MP: 1/6
  1826 | D:2      | Reached XP level 4. HP: 27/27 MP: 5/7
  1935 | D:3      | Noticed Terence
  1953 | D:3      | Killed Terence
  2517 | D:3      | Learned a level 4 spell: Sticky Flame
  2552 | D:3      | Reached XP level 5. HP: 32/32 MP: 9/9
  3272 | D:4      | Reached XP level 6. HP: 21/38 MP: 9/10
  3436 | D:4      | Found a shadowy altar of Dithmenos.
  3726 | D:4      | Noticed an ogre
  3736 | D:4      | Killed an ogre
  3736 | D:4      | Reached skill level 4 in Fighting
  3990 | D:5      | Entered Level 5 of the Dungeon
  4086 | D:5      | Reached XP level 7. HP: 28/43 MP: 12/12
  4266 | D:5      | Found Ankais' Magic Scroll Shoppe.
  4280 | D:5      | Found a staircase to the Ecumenical Temple.
  4302 | D:5      | Noticed Natasha
  4304 | Temple   | Entered the Ecumenical Temple
  4313 | Temple   | Became a worshipper of Cheibriados the Contemplative
  4330 | D:5      | Killed Natasha
  4478 | D:5      | Noticed Natasha
  4491 | D:5      | Killed Natasha
  4507 | D:5      | Reached skill level 5 in Conjurations
  4583 | D:5      | Noticed Natasha
  4585 | D:5      | Killed Natasha
  4762 | D:5      | Acquired Cheibriados' first power
  5052 | D:6      | Found a white marble altar of Elyvilon.
  5054 | D:6      | Found Thium's Distillery.
  5064 | D:6      | Reached skill level 1 in Axes
  5064 | D:6      | Reached skill level 6 in Conjurations
  5064 | D:6      | Reached XP level 8. HP: 41/48 MP: 13/13
  5106 | D:6      | Found a radiant altar of Vehumet.
  5108 | D:6      | Found a sacrificial altar of Ru.
  5209 | D:6      | Found Seiwoat's Antique Armour Emporium.
  5307 | D:6      | Found Paenaicu's Armour Boutique.
  5366 | D:6      | Reached skill level 1 in Armour
  5377 | D:6      | Found Xoosh's Armour Shoppe.
  5390 | D:6      | Found a glowing drain.
  5402 | Sewer    | Entered a sewer
  5870 | D:6      | Noticed a yak
  5871 | D:6      | Noticed a yak
  5908 | D:6      | Reached skill level 1 in Invocations
  6060 | D:6      | Acquired Cheibriados' second power
  6074 | D:6      | Noticed a yak
  6076 | D:6      | Noticed a yak
  6132 | D:6      | Reached skill level 7 in Conjurations
  6170 | D:7      | Killed a yak
  6334 | D:7      | Found a stormy altar of Qazlal.
  6339 | D:7      | Reached skill level 5 in Fighting
  6615 | D:6      | Reached XP level 9. HP: 54/54 MP: 2/14
  6675 | D:6      | Killed a yak
  6675 | D:6      | Reached skill level 5 in Dodging
  6675 | D:6      | Reached skill level 8 in Conjurations
  6684 | D:6      | Killed a yak
  6766 | D:6      | Acquired Cheibriados' third power
  7083 | D:6      | Killed a yak
  7785 | D:7      | Found a sacrificial altar of Ru.
  8026 | D:8      | Learned a level 5 spell: Fireball
  8047 | D:8      | Acquired Cheibriados' fourth power
  8164 | D:8      | Reached skill level 9 in Conjurations
  8410 | D:8      | Reached XP level 10. HP: 60/60 MP: 16/16
 10031 | D:9      | Found Zin's Purification Station.
 10033 | D:9      | Found a glowing silver altar of Zin.
 10202 | D:9      | Reached skill level 5 in Axes
 10413 | D:9      | Reached skill level 10 in Conjurations
 10496 | D:9      | Reached XP level 11. HP: 63/68 MP: 7/17
 10677 | D:9      | Found an opulent altar of Gozag.
 10743 | D:10     | Entered Level 10 of the Dungeon
 10969 | D:10     | Noticed a hill giant
 10976 | D:10     | Killed a hill giant
 11412 | D:10     | Found a staircase to the Lair.
 11413 | D:10     | Noticed Josephine
 11426 | D:10     | Killed Josephine
 11433 | D:10     | HP: 2/69 [orc priest/divine providence (11)]
 11478 | D:10     | Slain by a killer bee

Action                   |  1- 3 |  4- 6 |  7- 9 | 10-12 || total
-------------------------+-------+-------+-------+-------++-------
Melee: Unarmed           |     4 |       |       |       ||     4
       Club              |     2 |       |       |       ||     2
       Short sword       |    27 |    30 |       |       ||    57
       Dagger            |       |       |    44 |       ||    44
       Morningstar       |       |       |    80 |       ||    80
       Battleaxe         |       |       |    21 |   160 ||   181
 Cast: Flame Tongue      |    54 |   142 |   266 |    27 ||   489
       Sticky Flame      |       |       |    18 |    35 ||    53
       Fireball          |       |       |       |     1 ||     1
Evoke: Wand              |       |       |     5 |     4 ||     9
  Use: Scroll            |       |     5 |     8 |     6 ||    19
       Potion            |       |       |     3 |     9 ||    12
 Stab: Sleeping          |       |       |     2 |     1 ||     3
  Eat: Chunk             |     3 |     9 |     9 |     9 ||    30
       Fruit             |       |     1 |       |     1 ||     2
       Bread ration      |       |       |     1 |     1 ||     2
       Pizza             |       |       |     1 |       ||     1
